 Dungeon Crawl Stone Soup version 0.30-a0-415-g685d318daa (webtiles) character file.

Game seed: 11152778622113693765

676 Bnni the Shield-Bearer (level 7, -13/55 HPs)
             Began as a Demonspawn Fighter on Dec 8, 2022.
             Mangled by an ogre
             ... wielding a +0 giant club
              (31 damage)
             ... on level 5 of the Dungeon.
             The game lasted 00:07:40 (3409 turns).

Bnni the Shield-Bearer (Demonspawn Fighter)         Turns: 3409, Time: 00:07:41

Health: -13/55     AC: 10    Str: 19    XL:     7   Next: 33%
Magic:  16/16      EV:  9    Int:  9    God:
Gold:   183        SH:  5    Dex: 12    Spells: 6/6 levels left

rFire   . . .      SeeInvis .    a - +0 eveningstar
rCold   + . .      Faith    .    c - +0 buckler
rNeg    . . .      Spirit   .    b - +0 scale mail
rPois   .          Reflect  .    (helmet restricted)
rElec   .          Harm     .    p - +0 cloak
rCorr   .          Rampage  .    (no gloves)
Will    .....                    (no boots)
Stlth   ..........               (no amulet)
HPRegen 0.29/turn                k - ring of magical power
MPRegen 0.30/turn                e - ring of protection from cold

@: no status effects
A: horns 1, slimy green scales 2, powered by death 1, magic regeneration
a: no special abilities


You were on level 5 of the Dungeon.
You visited 1 branch of the dungeon, and saw 5 of its levels.

You collected 183 gold pieces.

Inventory:

Hand Weapons
 a - a +0 eveningstar (weapon)
Missiles
 o - 5 poisoned darts (quivered)
Armour
 b - a +0 scale mail (worn)
 c - a +0 buckler (worn)
 p - a +0 cloak (worn)
Jewellery
 e - a ring of protection from cold (right hand)
 k - a ring of magical power (left hand)
Wands
 r - a wand of roots (11)
Scrolls
 g - a scroll of magic mapping
 i - 2 scrolls of amnesia
 q - a scroll of poison {unknown}
 s - a scroll of butterflies {unknown}
 u - a scroll of identify {unknown}
Potions
 d - a potion of lignification {unknown}
 f - 2 potions of resistance {unknown}
 h - 3 potions of mutation {unknown}
 j - a potion of degeneration {unknown}
 l - a potion of flight {unknown}
 m - 3 potions of curing {unknown}
 n - 2 potions of attraction {unknown}


   Skills:
 + Level 4.8 Fighting
 * Level 4.7 Maces & Flails
 - Level 1.9 Polearms
 - Level 2.6 Armour
 - Level 5.0 Shields


You had 6 spell levels left.
You didn't know any spells.
Your spell library contained the following spells:

 Spells                   Type           Power      Damage    Failure   Level
 Ozocubu's Armour         Ice            0%         N/A       99%         3
 Animate Dead             Necr           0%         N/A       100%        4
 Metabolic Englaciation   Hex/Ice        0%         N/A       100%        5
 Simulacrum               Ice/Necr       0%         N/A       100%        6
 Haunt                    Necr/Summ      0%         N/A       100%        7
 Ozocubu's Refrigeration  Ice            0%         4d7       100%        7
 Infestation              Necr           0%         N/A       100%        8


Dungeon Overview and Level Annotations

Branches:
Dungeon (5/15)
 Temple: D:4-7

Altars:
Fedhas
Hepliaklqana


Innate Abilities, Weirdness & Mutations

You have a pair of small horns on your head.
You are mostly covered in slimy green scales. (AC +3)
You regenerate a little health from kills.
You regenerate magic rapidly.


Message History

The ogre is moderately wounded.
The ogre barely misses you.
You closely miss the ogre.
The ogre is moderately wounded.
The ogre hits you with a +0 giant club!
You barely miss the ogre.
The ogre is moderately wounded.
The ogre hits you with a +0 giant club!
Aiming: Paralyse
Press: ? - help, Shift-Dir - straight line, f - ogre
Aim: an ogre, wielding a +0 giant club (moderately wounded, chance to affect: 49%)
The ogre resists with some effort.
The now-empty wand crumbles to dust.
The ogre barely misses you.
You don't have any such object.
Evoke which item? (* to show all) (? for menu, Esc to quit)
Huh?
Evoke which item? (* to show all) (? for menu, Esc to quit)
You don't have any such object.
Evoke which item? (* to show all) (? for menu, Esc to quit)
Okay, then.
You don't have any such object.
Evoke which item? (* to show all) (? for menu, Esc to quit)
Okay, then.
Okay, then.
Aiming: Fastroot
Press: ? - help, Shift-Dir - straight line, p - ogre The roots erupt in riotous growth!
Roots grab the ogre.
The grasping roots constrict the ogre.
Unknown command.
The grasping roots constrict the ogre!
The roots release their grip on the ogre.
Aiming: Fastroot
Press: ? - help, Shift-Dir - straight line The roots erupt in riotous growth!
Roots grab the ogre.
The grasping roots constrict the ogre.
The ogre hits you with a +0 giant club!!
Ouch! That really hurt!
You die...

....................#+###'##
###.....########...........
#.....#......#..[........
#.....#......#...........
+.....#......#...........
#.....#......#...........
#.....#.#...##...........
#....##.#O#+#############
#.......@......>.
#....####........ #....#
#........ #....# #....####
...###. ####.# .... # ...
.... .+.. .. ##


You could see an ogre (rooted).

Vanquished Creatures
  A wyvern (D:5)
  2 phantoms
  A gnoll sergeant (D:3)
  A hound (D:4)
  A jelly (D:5)
  An orc priest (D:3)
  3 gnolls (D:3)
  8 adders
  2 ufetubi (D:4)
  4 worms
  3 dart slugs
  15 orcs
  5 ball pythons
  9 endoplasms
  A giant cockroach (D:2)
  4 goblins
  6 hobgoblins
  2 jackals (D:1)
  3 quokkas
  7 bats
  3 frilled lizards (D:1)
  7 kobolds
  8 rats
97 creatures vanquished.

Vanquished Creatures (others)
  An orc wizard (D:2)
1 creature vanquished.

Grand Total: 98 creatures vanquished

Notes
Turn   | Place    | Note
-------+----------+-------------------------------------------
     0 | D:1      | Bnni the Demonspawn Fighter began the quest for the Orb.
     0 | D:1      | Reached XP level 1. HP: 18/18 MP: 1/1
   244 | D:1      | Gained mutation: You are partially covered in slimy green
                  | scales. (AC +2) [demonic ancestry]
   244 | D:1      | Reached XP level 2. HP: 24/24 MP: 2/2
   351 | D:1      | Reached skill level 3 in Shields
   420 | D:1      | Found a faded altar of an unknown god.
   433 | D:1      | Reached skill level 1 in Maces & Flails
   859 | D:2      | Gained mutation: You have a pair of small horns on your
                  | head. [demonic ancestry]
   859 | D:2      | Reached XP level 3. HP: 26/29 MP: 3/3
  1020 | D:2      | Gained mutation: You regenerate magic rapidly. [demonic
                  | ancestry]
  1020 | D:2      | Reached XP level 4. HP: 35/35 MP: 4/4
  1070 | D:2      | HP: 1/35 [poisoned by a goblin]
  1987 | D:3      | Found a hazy altar of Hepliaklqana.
  2015 | D:3      | Noticed a phantom
  2020 | D:3      | Killed a phantom
  2021 | D:3      | Reached skill level 4 in Shields
  2021 | D:3      | Gained mutation: You regenerate a little health from kills.
                  | [demonic ancestry]
  2021 | D:3      | Reached XP level 5. HP: 42/42 MP: 5/5
  2137 | D:3      | Found a blossoming altar of Fedhas.
  2202 | D:3      | Reached XP level 6. HP: 43/48 MP: 6/6
  2881 | D:4      | Reached skill level 5 in Shields
  3155 | D:5      | Entered Level 5 of the Dungeon
  3192 | D:5      | Gained mutation: You are mostly covered in slimy green
                  | scales. (AC +3) [demonic ancestry]
  3192 | D:5      | Reached XP level 7. HP: 53/55 MP: 7/7
  3196 | D:5      | Noticed a wyvern
  3204 | D:5      | Killed a wyvern
  3409 | D:5      | Mangled by an ogre

Illustrated notes

Levels and vault maps discovered:
D:1:      roderic_chinese_lattice_arrival, layout_loops_ring,
          hellmonk_ecumenical_altar_crossroads, hangedman_decor_lopped,
          minivault_19, grunt_decor_junction
D:2:      layout_basic, hangedman_feature_mirror
D:3:      layout_loops_ring, nzn_hepliaklqana_mist_gate, lemuel_tele_altar,
          grunt_ministairs_1
D:4:      layout_cave_pools
D:5:      layout_gridville, tso_metal_star, minivault_24

Skill      XL: |  1  2  3  4  5  6 |
---------------+-------------------+-----
Shields        | 3 4 5 |  5.0
Maces & Flails | 1 2 3 4 |  4.7
Fighting       | 4 |  4.8
Polearms       | |  1.9
Armour         | |  2.6

Action                   |  1- 3 |  4- 6 |  7- 9 || total
-------------------------+-------+-------+-------++-------
Melee: Eveningstar       |    80 |   183 |     9 ||   272
       Trident           |     5 |       |       ||     5
       Headbutt          |     2 |    24 |     2 ||    28
Throw: Dart              |       |       |     3 ||     3
Evoke: Wand              |       |       |     3 ||     3
  Use: Potion            |     1 |       |       ||     1
       Scroll            |       |     2 |       ||     2
Armor: Scale mail        |    47 |    96 |       ||   143
Dodge: Dodged            |    50 |   100 |     6 ||   156
Block: Buckler           |    21 |    42 |       ||    63

Table legend: (Time is in decaauts)
 A = Elapsed time spent in this place.
 B = Non-inter-level travel time spent in this place.
 C = Inter-level travel time spent in this place.
 D = Time resting spent in this place.
 E = Time spent auto-exploring this place.
 F = Levels seen in this place.
 G = Mean time per level.
                   A        B        C        D        E       F      G
               +--------+--------+--------+--------+--------+-----+--------+
         Total |   3521 |   3478 |     43 |    335 |   2350 |   5 |  704.2 |
       Dungeon |   3521 |   3478 |     43 |    335 |   2350 |   5 |  704.2 |
               +--------+--------+--------+--------+--------+-----+--------+

Top non-repeatable levels by time:
     D:2: 1190 daAuts
     D:1: 756 daAuts
     D:3: 754 daAuts
     D:4: 562 daAuts
     D:5: 257 daAuts
